 Dungeon Sprint DCSS version 0.29-a0-512-gf59ac788ac (webtiles) character file.

Game seed: 12250272872050834306

2291 mhtbhm the Grappler (level 9, -16/84 HPs)
             Began as a Yellow Draconian Transmuter on May 29, 2022.
             Was a Priest of Okawaru.
             Killed from afar by a hell hound (18 damage)
             ... with a blast of flame
             ... in the Dungeon (Sprint VII: "The Pits").
             The game lasted 00:04:06 (1152 turns).

mhtbhm the Grappler (Yellow Draconian Transmuter)   Turns: 1152, Time: 00:04:06

Health: -16/84     AC: 10    Str: 16    XL:     9   Next: 17%
Magic:  13/21      EV: 11    Int: 18    God:    Okawaru [***...]
Gold:   0          SH:  0    Dex: 11    Spells: 14/24 levels left

rFire   x . .      SeeInvis .     - Unarmed
rCold   + + +      Faith    .   (shield currently unavailable)
rNeg    . . .      Spirit   .   (body armour unavailable)
rPois   +          Reflect  .   (helmet currently unavailable)
rElec   .          Harm     .   (cloak currently unavailable)
rCorr   .          Rampage  .   (gloves currently unavailable)
Will    .....      NoTele   +   (boots currently unavailable)
Stlth   +.........              (no amulet)
HPRegen 0.24/turn               k - +3 ring of intelligence
MPRegen 0.17/turn               j - +3 ring of protection

@: ice-form, hasted and slowed
A: freezing attack, amphibious, boosted hp, (spit acid), AC +7, large, unfitting
armour, (cold-blooded), (acid resistance)
a: End Transformation, Renounce Religion, Heroism


You were in the Dungeon.
You worshipped Okawaru.
Okawaru was most pleased with you.
You were a creature of crystalline ice.
You visited 1 branch

Inventory:

Armour
 o - a +0 pair of boots (melded)
 p - a +0 pair of gloves (melded)
Jewellery
 j - a +3 ring of protection (right front paw)
 k - a +3 ring of intelligence (left front paw)
Scrolls
 i - 5 scrolls of amnesia
Potions
 a - a potion of lignification
 b - 7 potions of curing
 c - 3 potions of heal wounds
 e - 4 potions of magic
 f - 4 potions of berserk rage
 h - 2 potions of invisibility
 l - a potion of resistance
 m - a potion of might
 n - a potion of mutation


   Skills:
 + Level 3.6 Fighting
 + Level 6.3 Dodging
 + Level 0.7 Stealth
 + Level 13.6 Unarmed Combat
 + Level 8.2 Spellcasting
 + Level 8.0 Transmutations
 + Level 1.0 Ice Magic
 * Level 9.3 Invocations


You had 14 spell levels left.
You knew the following spells:

 Your Spells              Type           Power      Damage    Failure   Level
a - Beastly Appendage     Tmut           72%        N/A       1%          1
b - Wereblood             Tmut           36%        N/A       1%          2
c - Spider Form           Tmut/Pois      21%        N/A       5%          3
d - Ice Form              Ice/Tmut       23%        N/A       14%         4

Your spell library contained the following spells:

 Spells                   Type           Power      Damage    Failure   Level


Dungeon Overview and Level Annotations

Branches:
Dungeon (1/1)

Altars:
Ashenzari
Cheibriados
Dithmenos
Elyvilon
Fedhas
Gozag
Hepliaklqana
Kikubaaqudgha
Makhleb
Nemelex Xobeh
Okawaru
Qazlal
Ru
Sif Muna
Trog
Uskayaw
Vehumet
Wu Jian
Xom
Yredelemnul
Zin
The Shining One
Beogh
Jiyva
Lugonu


Innate Abilities, Weirdness & Mutations

You are a creature of crystalline ice.
You have a powerful freezing melee attack.
You are amphibious.
Your maximum health is increased.
Your armour is entirely melded.
You are incapable of wielding weapons or throwing items.
((You can spit globs of acid.))
((Your golden yellow scales are hard. (AC +7)))
You cannot fit into any form of body armour.
((You are cold-blooded and may be slowed by cold attacks.))
((You are resistant to acid. (rCorr)))


Message History

Your +0 pair of boots melds into your body.
The death cob hits you!! The hell hound bites you! The death cob hits you.
Unknown command.
Casting: Ice Form (dangerous; 14% risk of failure)
Confirm with . or Enter, or press ? or * to list all spells.
Okay, then.
You feel much better. The death cob hits you!!
The death cob drains your vigour!
You feel as though you will be slow longer.
The hell hound bites you but does no damage.
The death cob hits you!
* * * LOW HITPOINT WARNING * * *
The death cob drains your vigour!
You feel as though you will be slow longer.
The death cob closely misses you.
You feel much better. The death cob closely misses you.
The hell hound bites you. The death cob hits you!
* * * LOW HITPOINT WARNING * * *
The death cob drains your vigour!
You feel as though you will be slow longer.
The hell hound bites you but does no damage.
Unknown command.
Okay, then.
You feel much better. The death cob closely misses you.
The hell hound barely misses you. The death cob hits you!
The death cob drains your vigour!
You feel as though you will be slow longer.
The hell hound bites you!
The hell hound bites you but does no damage.
The death cob hits you!!
* * * LOW HITPOINT WARNING * * *
Unknown command.
You feel much better. The death cob hits you!!
* * * LOW HITPOINT WARNING * * *
The death cob drains your vigour!
You feel as though you will be slow longer.
The hell hound barely misses you. The hell hound breathes flames at you.
The blast of flame hits you!! The fire burns you terribly!
You die...

#########++##########
................##..#
......#..#......##..# #
................hh..# .#
................Yz(.##########h.#
......#..#......##......†.......#
................##...........h..#
###'#####++######################
.......# .......# .......#
...<...# .......#


You could see a death cob and 2 hell hounds.

Vanquished Creatures
  A death yak (D)
  A cyclops (D)
  A hellwing (D)
  A warg (D)
  2 floating eyes (D)
  2 hell hounds (D)
  An orc warrior (D)
  An ogre (D)
  5 wights (D)
  A crimson imp (D)
  A hound (D)
  A gnoll (D)
  2 adders (D)
  2 river rats (D)
  2 adder skeletons (D)
  2 orcs (D)
  A ball python (D)
  2 endoplasms (D)
  A ball python skeleton (D)
  A frilled lizard (D)
  A goblin (D)
  A jackal skeleton (D)
  A kobold (D)
34 creatures vanquished.

Notes
Turn   | Place    | Note
-------+----------+-------------------------------------------
     0 | D        | mhtbhm the Draconian Transmuter began the quest for the
                  | Orb.
     0 | D        | Reached XP level 1. HP: 16/16 MP: 3/3
    10 | D        | Noticed a floating eye
    16 | D        | Paralysed by a floating eye for 2 turns
    20 | D        | Killed a floating eye
    21 | D        | Reached skill level 7 in Unarmed Combat
    21 | D        | Reached XP level 2. HP: 23/23 MP: 2/7
    21 | D        | Reached XP level 3. HP: 28/28 MP: 2/8
    21 | D        | Reached XP level 4. HP: 35/35 MP: 2/10
    25 | D        | Found a bloodstained altar of Trog.
    25 | D        | Found a shimmering blue altar of Sif Muna.
    25 | D        | Found a viscous altar of Jiyva.
    25 | D        | Found a hazy altar of Hepliaklqana.
    25 | D        | Found an opulent altar of Gozag.
    26 | D        | Found a glowing golden altar of the Shining One.
    26 | D        | Found a glowing silver altar of Zin.
    26 | D        | Found a basalt altar of Yredelemnul.
    26 | D        | Found a shimmering altar of Xom.
    26 | D        | Found an ornate altar of the Wu Jian Council.
    26 | D        | Found a sacrificial altar of Ru.
    26 | D        | Found a stormy altar of Qazlal.
    26 | D        | Found an iron altar of Okawaru.
    26 | D        | Found a sparkling altar of Nemelex Xobeh.
    26 | D        | Found a burning altar of Makhleb.
    26 | D        | Found a blossoming altar of Fedhas.
    26 | D        | Found a white marble altar of Elyvilon.
    26 | D        | Found a shadowy altar of Dithmenos.
    26 | D        | Found a snail-covered altar of Cheibriados.
    28 | D        | Found a radiant altar of Vehumet.
    28 | D        | Found a corrupted altar of Lugonu.
    29 | D        | Found a hide-covered altar of Uskayaw.
    29 | D        | Found an ancient bone altar of Kikubaaqudgha.
    29 | D        | Found a broken altar of Ashenzari.
    88 | D        | Became a worshipper of Warmaster Okawaru
   127 | D        | Learned a level 2 spell: Wereblood
   131 | D        | Learned a level 3 spell: Spider Form
   136 | D        | Learned a level 4 spell: Ice Form
   152 | D        | Reached skill level 1 in Invocations
   156 | D        | Noticed a floating eye
   160 | D        | Killed a floating eye
   161 | D        | Reached skill level 8 in Unarmed Combat
   161 | D        | Reached XP level 5. HP: 40/40 MP: 9/12
   229 | D        | Reached skill level 9 in Unarmed Combat
   229 | D        | Reached skill level 5 in Spellcasting
   237 | D        | Reached skill level 5 in Transmutations
   237 | D        | Reached XP level 6. HP: 46/47 MP: 12/14
   241 | D        | Noticed an orc warrior
   243 | D        | Reached * piety under Okawaru
   244 | D        | Reached skill level 10 in Unarmed Combat
   244 | D        | Reached skill level 5 in Invocations
   256 | D        | Your scales start taking on a golden yellow colour.
   256 | D        | Reached XP level 7. HP: 49/55 MP: 11/16
   256 | D        | Gained mutation: You are resistant to acid. (rCorr) [Yellow
                  | Draconian growth]
   268 | D        | Reached skill level 11 in Unarmed Combat
   429 | D        | Reached skill level 5 in Dodging
   432 | D        | Noticed a hellwing
   443 | D        | Killed a hellwing
   443 | D        | Reached ** piety under Okawaru
   622 | D        | Reached skill level 12 in Unarmed Combat
   622 | D        | Reached XP level 8. HP: 35/62 MP: 16/18
   814 | D        | Noticed a death yak
   824 | D        | Killed a death yak
   837 | D        | Found the +14 obsidian axe {vorpal, Mesm Drain Fly SInv}
  1097 | D        | Noticed a cyclops
  1111 | D        | Killed a cyclops
  1112 | D        | Reached skill level 13 in Unarmed Combat
  1112 | D        | Reached XP level 9. HP: 70/70 MP: 15/21
  1133 | D        | Reached *** piety under Okawaru
  1134 | D        | Noticed a death cob
  1143 | D        | Reached skill level 1 in Ice Magic
  1152 | D        | HP: 2/84 [death cob (19)]
  1152 | D        | Killed from afar by a hell hound

Illustrated notes

Levels and vault maps discovered:
D:        pitsprint [storerooms_1, entrance_room_1, metal_vault_6, armoury_2,
          mini_pit_1, grid_room_1, main_hall_1, silver_pit, the_coven_1,
          the_vestibule_1, steel_vault_2, golden_pit, hallway_of_sentries,
          crystal_vault_2, iron_vault_2, final_vault]

Skill      XL: |  1  2  3  4  5  6  7  8  9 |
---------------+----------------------------+-----
Dodging        | 3 4 5 6 |  6.3
Unarmed Combat | 7 8 9 10 12 13 | 13.6
Spellcasting   | 4 5 6 7 8 |  8.2
Transmutations | 3 4 5 6 7 8 |  8.0
Invocations    | 3 4 5 7 9 |  9.3
Fighting       | 2 3 |  3.6
Ice Magic      | 1 |  1.0
Stealth        | |  0.7

Action                   |  1- 3 |  4- 6 |  7- 9 || total
-------------------------+-------+-------+-------++-------
Melee: Unarmed           |     7 |    44 |    69 ||   120
       Headbutt          |     2 |     5 |    12 ||    19
       Kick              |     1 |     9 |     7 ||    17
       Tailslap          |       |     9 |     5 ||    14
       Punch             |       |       |     3 ||     3
 Cast: Beastly Appendage |     1 |     4 |     3 ||     8
       Wereblood         |       |     3 |     4 ||     7
       Spider Form       |       |       |     2 ||     2
       Ice Form          |       |       |     2 ||     2
 Abil: Breathe Acid      |       |       |     2 ||     2
  Use: Potion            |       |       |    10 ||    10
       Scroll            |       |       |     1 ||     1
Armor: Skin              |       |     2 |     9 ||    11
Dodge: Dodged            |       |    19 |    53 ||    72

Table legend: (Time is in decaauts)
 A = Elapsed time spent in this place.
 B = Non-inter-level travel time spent in this place.
 C = Inter-level travel time spent in this place.
 D = Time resting spent in this place.
 E = Time spent auto-exploring this place.
 F = Levels seen in this place.
 G = Mean time per level.
                   A        B        C        D        E       F      G
               +--------+--------+--------+--------+--------+-----+--------+
         Total |   1126 |   1126 |      0 |    650 |      0 |   1 | 1126.0 |
       Dungeon |   1126 |   1126 |      0 |    650 |      0 |   1 | 1126.0 |
               +--------+--------+--------+--------+--------+-----+--------+

Top non-repeatable levels by time:
       D: 1126 daAuts
